 Dungeon Crawl Stone Soup version 0.29-a0-1006-g0dd7720b37 (webtiles) character file.

Game seed: 6030580651055904606

183 avis the Chiller (level 5, 0/45 HPs)
             Began as a Demigod Ice Elementalist on Aug 7, 2022.
             Slain by a gnoll sergeant
             ... wielding a +0 spear
              (4 damage)
             ... on level 4 of the Dungeon.
             The game lasted 00:14:50 (3180 turns).

avis the Chiller (Demigod Ice Elementalist)         Turns: 3180, Time: 00:14:51

Health: 0/45       AC: 15    Str:  9    XL:     5   Next: 13%
Magic:  1/11       EV: 13    Int: 17    God:
Gold:   163        SH:  0    Dex: 18    Spells: 1/8 levels left

rFire   . . .      SeeInvis .   a - +4 short sword (protect)
rCold   . . .      Faith    .   (no shield)
rNeg    . . .      Spirit   .   f - +0 robe
rPois   .          Reflect  .   (no helmet)
rElec   .          Harm     .   (no cloak)
rCorr   .          Rampage  .   (no gloves)
Will    .....                   (no boots)
Stlth   ++........              (no amulet)
HPRegen 0.15/turn               (no ring)
MPRegen 0.12/turn               (no ring)

@: ice-armoured, under a protective aura, very slightly contaminated
A: high MP 1, forlorn, divine attributes
a: no special abilities


You were on level 4 of the Dungeon.
You visited 1 branch of the dungeon, and saw 4 of its levels.

You collected 163 gold pieces.

Inventory:

Hand Weapons
 a - a +4 short sword of protection (weapon)
 b - a +0 sling
 p - a +2 vorpal war axe
Missiles
 g - 8 boomerangs
Armour
 f - a +0 robe (worn)
 q - an orb of guile
Wands
 m - a wand of light (12)
Scrolls
 c - a scroll of summoning {unknown}
 d - a scroll of silence {unknown}
 h - a scroll of amnesia {unknown}
 i - 3 scrolls of teleportation {unknown}
 j - 2 scrolls of identify {unknown}
 l - a scroll of fear {unknown}
 r - 3 scrolls of torment {unknown}
Potions
 e - a potion of brilliance {unknown}
 k - a potion of berserk rage {unknown}
 o - a potion of might {unknown}


   Skills:
 - Level 3.0 Fighting
 - Level 3.0 Dodging
 - Level 2.0 Stealth
 * Level 2.4 Spellcasting
 - Level 4.0 Ice Magic


You had one spell level left.
You knew the following spells:

 Your Spells              Type           Power      Damage    Failure   Level
a - Freeze                Ice            60%        1d8       3%          1
o - Ozocubu's Armour      Ice            15%        N/A       11%         3
r - Frozen Ramparts       Ice            30%        1d5       11%         3

Your spell library contained the following spells:

 Spells                   Type           Power      Damage    Failure   Level
 Hailstorm                Conj/Ice       8%         3d4       63%         4


Dungeon Overview and Level Annotations

Branches:
Dungeon (4/15)
 Temple: D:4-7

Annotations:
D:2 1 runed translucent door, exclusion: door, Crazy Yiuf
D:3 Robin


Innate Abilities, Weirdness & Mutations

You have an increased reservoir of magic. (+10% MP)
You shall have no god before yourself.
Your divine heritage dramatically boosts your attributes as you level up.


Message History

Unknown command.
You hit the gnoll sergeant.
The gnoll sergeant is severely wounded.
The wall freezes the gnoll.
You kill the gnoll!
The wall freezes the gnoll sergeant.
The gnoll sergeant hits you but does no damage.
Unknown command.
You hit the gnoll sergeant.
The gnoll sergeant is almost dead.
The wall freezes the gnoll sergeant but does no damage.
The gnoll sergeant hits you but does no damage.
The wall freezes the gnoll sergeant but does no damage.
The gnoll sergeant hits you with a +0 spear.
* * * LOW HITPOINT WARNING * * *
You barely miss the gnoll sergeant.
The gnoll sergeant is almost dead.
The wall freezes the gnoll sergeant but does no damage.
The gnoll sergeant hits you but does no damage.
You hit the gnoll sergeant but do no damage.
The gnoll sergeant is almost dead.
The wall freezes the gnoll sergeant.
The gnoll sergeant hits you but does no damage.
Unknown command.
You hit the gnoll sergeant but do no damage.
The gnoll sergeant is almost dead.
The frozen ramparts melt away.
The gnoll sergeant barely misses you.
Casting: Frozen Ramparts (dangerous; 11% risk of failure)
Confirm with . or Enter, or press ? or * to list all spells.
You don't have enough magic to cast this spell.
Casting: Frozen Ramparts (dangerous; 11% risk of failure)
Confirm with . or Enter, or press ? or * to list all spells.
Aiming: Freeze (safe; 3% risk of failure)
Press: ? - help, Shift-Dir - straight line, f - gnoll sergeant
Aim: a gnoll sergeant, wielding a +0 spear and wearing a +0 scale mail (almost dead)
You miscast Freeze.
You are very lightly contaminated with residual magic.
Nothing appears to happen.
The gnoll sergeant hits you with a +0 spear.
You die...

#..........#
#..........#
#....:.....##
#.g.........###
#..............
#..g........##.
#..g..)))...... ######
#g# #....##### #@# ..
#.<......#####.## ...
#...............#####...
#########[..###.........
##########...<.........
#.......#####.....#....
#.......#####..........
#>..................##
#..........##....#.....


You could see a gnoll sergeant.

Vanquished Creatures
  8 gnolls (D:4)
  4 adders
  2 worms
  A dart slug (D:2)
  An orc (D:3)
  8 endoplasms
  2 giant cockroaches
  13 goblins
  6 hobgoblins
  5 quokkas
  A ball python (D:1)
  5 frilled lizards
  4 kobolds (D:1)
  3 rats
63 creatures vanquished.

Vanquished Creatures (others)
  A fungus (D:1)
  A plant (D:1)
2 creatures vanquished.

Grand Total: 65 creatures vanquished

Notes
Turn   | Place    | Note
-------+----------+-------------------------------------------
     0 | D:1      | avis the Demigod Ice Elementalist began the quest for the
                  | Orb.
     0 | D:1      | Reached XP level 1. HP: 14/14 MP: 5/5
   217 | D:1      | Reached skill level 1 in Fighting
   577 | D:1      | Reached XP level 2. HP: 23/23 MP: 5/7
  1177 | D:2      | Reached XP level 3. HP: 29/29 MP: 6/8
  1181 | D:2      | Learned a level 3 spell: Ozocubu's Armour
  1418 | D:2      | Reached skill level 4 in Ice Magic
  1905 | D:2      | Found a runed translucent door.
  1906 | D:2      | Noticed Crazy Yiuf
  2136 | D:3      | Noticed Robin
  2213 | D:3      | Reached XP level 4. HP: 28/37 MP: 9/9
  2633 | D:3      | Learned a level 3 spell: Frozen Ramparts
  3151 | D:4      | Noticed a gnoll sergeant
  3171 | D:4      | Reached XP level 5. HP: 14/45 MP: 4/11
  3180 | D:4      | Slain by a gnoll sergeant

Illustrated notes

Levels and vault maps discovered:
D:1:      amcnicky_arrival_double_pillar, layout_rooms,
          shapermc_ecumenical_altar_mp_ritualfount
D:2:      layout_rooms, uniq_crazy_yiuf_cottage
D:3:      layout_basic, grunt_temple_overflow_open, hex_medium, uniq_robin
D:4:      layout_rooms, reono_crystal_passage

Skill      XL: |  1  2  3  4 |
---------------+-------------+-----
Fighting       | 1 2 3 |  3.0
Spellcasting   | 2 |  2.4
Dodging        | 2 3 |  3.0
Ice Magic      | 4 |  4.0
Stealth        | 2 |  2.0

Action                   |  1- 3 |  4- 6 || total
-------------------------+-------+-------++-------
Melee: Short sword       |    32 |    29 ||    61
       Punch             |     2 |     2 ||     4
 Fire: Sling             |       |    12 ||    12
 Cast: Freeze            |    43 |     8 ||    51
       Ozocubu's Armour  |     1 |     2 ||     3
       Frozen Ramparts   |       |     3 ||     3
  Use: Potion            |       |     1 ||     1
 Stab: Sleeping          |    10 |     3 ||    13
Armor: Robe              |    11 |    20 ||    31
Dodge: Dodged            |    19 |    26 ||    45

Table legend: (Time is in decaauts)
 A = Elapsed time spent in this place.
 B = Non-inter-level travel time spent in this place.
 C = Inter-level travel time spent in this place.
 D = Time resting spent in this place.
 E = Time spent auto-exploring this place.
 F = Levels seen in this place.
 G = Mean time per level.
                   A        B        C        D        E       F      G
               +--------+--------+--------+--------+--------+-----+--------+
         Total |   3189 |   2910 |    279 |    914 |   1427 |   4 |  797.2 |
       Dungeon |   3189 |   2910 |    279 |    914 |   1427 |   4 |  797.2 |
               +--------+--------+--------+--------+--------+-----+--------+

Top non-repeatable levels by time:
     D:3: 1088 daAuts
     D:1: 1030 daAuts
     D:2: 981 daAuts
     D:4: 89 daAuts
